 Dungeon Crawl Stone Soup version 0.18.1-47-g9310371 (webtiles) character file.

105 sarahorange the Ruffian (level 4, -4/41 HPs)
             Began as a Troll Transmuter on June 19, 2016.
             Slain by a gnoll
             ... wielding a +0 halberd
              (15 damage)
             ... on level 2 of the Dungeon.
             The game lasted 00:10:48 (1459 turns).

sarahorange the Ruffian (Troll Transmuter)          Turns: 1459, Time: 00:10:49

Health: -4/41      AC:  5    Str: 18    XL:     4   Next: 54%
Magic:  5/5        EV: 10    Int: 10    God:
Gold:   87         SH:  0    Dex: 10    Spells: 1 memorised, 5 levels left

rFire  . . .     SeeInvis .       - Unarmed
rCold  . . .     Gourm    +     i - +0 robe
rNeg   . . .     Faith    .     (no shield)
rPois  .         Spirit   .     (helmet restricted)
rElec  .         Dismiss  .     (no cloak)
rCorr  .         Reflect  .     (gloves unavailable)
SustAt .         Harm     .     (boots unavailable)
MR     .....                    (no amulet)
Stlth  +.........               (no ring)
                                (no ring)

@: not resistant to hostile enchantments, very unstealthy
A: unfitting armour, claws 3, fast metabolism 3, gourmand, regeneration 2,
shaggy fur 1, tough skin 2
a: no special abilities


You were on level 2 of the Dungeon.
You were very full.

You visited 1 branch of the dungeon, and saw 2 of its levels.

You collected 87 gold pieces.

Inventory:

Missiles
 a - 71 arrows
 f - 91 stones (quivered)
Armour
 b - a +0 robe
 i - a +0 robe (worn)
Jewellery
 j - a +4 ring of protection {unknown}
Scrolls
 e - a scroll of fog {unknown}
 l - a scroll of enchant armour {unknown}
 m - 2 scrolls of remove curse
 o - a scroll of random uselessness {unknown}
 p - 4 scrolls of blinking {unknown}
 q - a scroll of recharging {unknown}
Potions
 g - 2 potions of flight {unknown}
 h - a potion of cancellation {unknown}
 k - 2 potions of ambrosia {unknown}
 n - a potion of heal wounds {unknown}
 r - 2 potions of curing {unknown}
 u - a potion of magic {unknown}
Books
 c - a book of Changes

   Spells                             Type                      Level
   a - Beastly Appendage              Transmutation                1
   b - Sticks to Snakes               Transmutation                2
   c - Spider Form                    Transmutation/Poison         3
   d - Ice Form                       Ice/Transmutation            4
   e - Blade Hands                    Transmutation                5
Comestibles
 d - 3 bread rations
 s - 5 fruits


   Skills:
 + Level 1.0 Fighting
 + Level 0.3 Throwing
 + Level 2.4 Dodging
 + Level 0.3 Stealth
 + Level 4.0 Unarmed Combat
 + Level 1.5 Spellcasting
 + Level 1.6 Transmutations


You had 5 spell levels left.
You knew the following spells:

 Your Spells              Type           Power        Failure   Level  Hunger
a - Beastly Appendage     Trmt           #.....       17%         1    ##.....


Dungeon Overview and Level Annotations

Branches:
Dungeon (2/15)

Altars:


Innate Abilities, Weirdness & Mutations

You are too large for most types of armour.
You have claws for hands.
Your metabolism is lightning-fast.
You like to eat raw meat.
You heal very quickly.
You are covered in fur (AC +1).
You have very tough skin (AC +2).


Message History

The gnoll is severely wounded.
The gnoll barely misses you.
An ooze comes into view.
The gnoll shouts!
The ooze quivers.
You claw the gnoll!
You kill the gnoll!
Your Unarmed Combat skill increases to level 4!
The gnoll barely misses you.
A gnoll comes into view. It is wielding a club.
The gnoll hits you from afar with a halberd!
The gnoll hits you from afar with a halberd!
The ooze barely misses you.
You claw the ooze!
You kill the ooze!
The gnoll hits you from afar with a halberd.
The gnoll hits you.
* * * LOW HITPOINT WARNING * * *
The gnoll hits you with a halberd!
You die...

#.#.............#.##.........###.
#.##............##.............
>.................'.............
..#..#.#...........#.........#...
..#..#..........##.#.........###.
..#. #.##..#....##.########### #.
.....#.#....##.........# #.
..#..#.##...##gg##.#.#.## #.
#.............g.@........ .
.....#..#...######.#.#... #
#.........# .# # #..#..#g#.# .#
#.#..#..#.).# .. ..........### ..
###..##.#.# ... #.....#.# ...
#.g......


You could see 3 gnolls.

Vanquished Creatures
  Natasha (D:2)
  A gnoll (D:2)
  4 adders (D:2)
  An ooze (D:2)
  3 dart slugs (D:1)
  A bat (D:1)
  2 giant cockroaches
  A goblin (D:2)
  4 hobgoblins (D:1)
  5 kobolds
  A giant newt (D:2)
  3 rats
27 creatures vanquished.

Notes
Turn   | Place    | Note
--------------------------------------------------------------
     0 | D:1      | sarahorange the Troll Transmuter began the quest for the Orb.
     0 | D:1      | Reached XP level 1. HP: 18/18 MP: 1/1
   376 | D:1      | Reached XP level 2. HP: 26/26 MP: 3/3
  1064 | D:2      | Reached XP level 3. HP: 22/32 MP: 4/4
  1153 | D:2      | Found a faded altar to an unknown god.
  1358 | D:2      | Noticed Natasha
  1363 | D:2      | Killed Natasha
  1363 | D:2      | Reached skill level 1 in Fighting
  1363 | D:2      | Reached XP level 4. HP: 34/41 MP: 5/5
  1444 | D:2      | Reached skill level 4 in Unarmed Combat
  1459 | D:2      | Slain by a gnoll

Skill      XL: |  1  2  3  4 |
---------------+-------------+-----
Dodging        | 2 |  2.4
Fighting       | 1 |  1.0
Unarmed Combat | 4 |  4.0
Throwing       | |  0.3
Stealth        | |  0.3
Spellcasting   | |  1.5
Transmutations | |  1.6

Action                   |  1- 3 |  4- 6 || total
-------------------------+-------+-------++-------
Melee: Unarmed           |    47 |    11 ||    58
       Punch             |     1 |     1 ||     2
Throw: Stone             |     6 |       ||     6
 Cast: Beastly Appendage |     2 |       ||     2
  Use: Scroll            |     2 |       ||     2
 Stab: Sleeping          |     1 |       ||     1
  Eat: Chunk             |     9 |     3 ||    12
       Meat ration       |     1 |       ||     1
Armor: Robe              |    18 |     1 ||    19
Dodge: Dodged            |    24 |     5 ||    29
